[gd_scene load_steps=2 format=2]

[ext_resource path="res://gui/panel_gray.tres" type="Theme" id=1]

[node name="menu_button_test" type="Control"]
margin_left = 128.0
margin_top = 64.0
margin_right = 128.0
margin_bottom = 64.0

[node name="Panel" type="Panel" parent="."]
margin_left = -10.0
margin_top = -2.0
margin_right = 470.0
margin_bottom = 74.0
theme = ExtResource( 1 )

[node name="GridContainer" type="GridContainer" parent="Panel"]
anchor_right = 1.0
anchor_bottom = 1.0
margin_left = 12.0
margin_top = 12.0
margin_right = -51.0
margin_bottom = -16.0
mouse_filter = 0
columns = 4

[node name="Button" type="Button" parent="Panel/GridContainer"]
margin_right = 144.0
margin_bottom = 48.0
rect_min_size = Vector2( 144, 48 )
text = "NORMAL"

[node name="Button1" type="Button" parent="Panel/GridContainer"]
margin_left = 148.0
margin_right = 244.0
margin_bottom = 48.0
rect_min_size = Vector2( 96, 48 )
text = "SMALL"

[node name="Button2" type="Button" parent="Panel/GridContainer"]
margin_left = 248.0
margin_right = 344.0
margin_bottom = 48.0
rect_min_size = Vector2( 96, 48 )
text = "SMALL"

[node name="Button3" type="Button" parent="Panel/GridContainer"]
margin_left = 348.0
margin_right = 444.0
margin_bottom = 48.0
rect_min_size = Vector2( 96, 48 )
text = "SMALL"

[node name="Panel1" type="Panel" parent="."]
margin_left = -10.0
margin_top = 90.0
margin_right = 159.0
margin_bottom = 285.0
theme = ExtResource( 1 )

[node name="GridContainer" type="GridContainer" parent="Panel1"]
anchor_right = 1.0
anchor_bottom = 1.0
margin_left = 12.0
margin_top = 12.0
margin_right = -12.0
margin_bottom = 21.0
mouse_filter = 0

[node name="Button" type="Button" parent="Panel1/GridContainer"]
margin_right = 144.0
margin_bottom = 48.0
rect_min_size = Vector2( 144, 48 )
text = "NORMAL"

[node name="Button1" type="Button" parent="Panel1/GridContainer"]
margin_top = 52.0
margin_right = 144.0
margin_bottom = 100.0
rect_min_size = Vector2( 144, 48 )
text = "NORMAL"

[node name="Button2" type="Button" parent="Panel1/GridContainer"]
margin_top = 104.0
margin_right = 144.0
margin_bottom = 152.0
rect_min_size = Vector2( 144, 48 )
text = "NORMAL"
